 Dungeon Crawl Stone Soup version 0.31-a0-1101-g9ad1905e61 (webtiles) character file.

Game seed: 11138356269496659747

0 gruber the Shooter (level 1, -1/12 HPs)
             Began as a Kobold Hunter on Dec 1, 2023.
             Succumbed to a goblin's poison
             ... on level 1 of the Dungeon.
             The game lasted 00:00:04 (84 turns).

gruber the Shooter (Kobold Hunter)                    Turns: 84, Time: 00:00:04

Health: -1/12      AC:  3    Str:  8    XL:     1   Next: 11%
Magic:  1/1        EV: 14    Int: 10    God:
Gold:   17         SH:  0    Dex: 18    Spells: 0/0 levels left

rFire   . . .        a - +0 shortbow
rCold   . . .        (shield currently unavailable)
rNeg    . . .        c - +0 leather armour
rPois   .            (no helmet)
rElec   .            (no cloak)
rCorr   .            (no gloves)
SInv    .            (no boots)
Will    .....        (no amulet)
Stlth   +++          (no ring)
HPRegen 0.22/turn    (no ring)
MPRegen 0.07/turn

%: no passive effects
@: lethally poisoned (-1 -> -10)
A: small, no large weapons, nightstalker 3
a: no special abilities


You were on level 1 of the Dungeon.
You visited 1 branch of the dungeon, and saw 1 of its levels.

You collected 17 gold pieces.

Inventory:

Hand Weapons
 a - a +0 shortbow (weapon)
Armour
 c - a +0 leather armour (worn)
Scrolls
 b - a scroll of butterflies


   Skills:
 - Level 2.1 Fighting
 + Level 5.3 Ranged Weapons
 - Level 2.4 Dodging
 - Level 1.3 Stealth


You couldn't memorise any spells.
You didn't know any spells.
Your spell library was empty.

Dungeon Overview and Level Annotations

Branches:
Dungeon (1/15)

Altars:


Innate Abilities, Weirdness & Mutations

You are small and have problems with some larger weapons.
You are completely attuned to the shadows.


Message History

Found 7 gold pieces.
There is an open door here.
You now have 7 gold pieces.
There is a fountain of clear blue water here.
You now have 17 gold pieces (gained 10).
You open the door.
There is an open door here.
There is an open door here.
You open the gate.
There is an open gate here.
A frilled lizard comes into view.
A frilled lizard is nearby!
You shoot an arrow. The arrow hits the frilled lizard.
You kill the frilled lizard!
A goblin comes into view. It is wielding a +0 dagger of venom.
The goblin shouts!
You shoot an arrow. The arrow closely misses the goblin.
A quokka comes into view.
There are monsters nearby!
You shoot an arrow. The arrow closely misses the goblin.
There are monsters nearby!
You shoot an arrow. The arrow misses the goblin.
The arrow hits the quokka but does no damage.
The goblin hits you with a +0 dagger of venom.
You are poisoned.
The goblin hits you but does no damage.
You are lethally poisoned!
There is a lethal amount of poison in your body!
You shoot an arrow. The arrow closely misses the goblin.
You feel very sick. The goblin misses you.
You are too injured to fight recklessly!
There is a lethal amount of poison in your body!
You are too injured to fight recklessly!
There is a lethal amount of poison in your body!
You are too injured to fight recklessly!
Unknown command.
* * * LOW HITPOINT WARNING * * *
You feel sick. The quokka misses you.
You die...

♣....♣♣ ♣♣.....♣
♣......♣#
........#### ######
...........####....#
♣♣♣#######.........+
# .....####....#
###### #....# #.@..#
#....#### #..rg....
#........ #........
#........ ####.....


You could see a quokka and a goblin.

Vanquished Creatures
  A frilled lizard (D:1)
1 creature vanquished.

Notes
Turn   | Place    | Note
-------+----------+-------------------------------------------
     0 | D:1      | gruber the Kobold Hunter began the quest for the Orb.
     0 | D:1      | Reached XP level 1. HP: 12/12 MP: 1/1
    84 | D:1      | Succumbed to a goblin's poison

Illustrated notes

Levels and vault maps discovered:
D:1:      sevenhm_arrival_forest_fort_large_2, layout_basic,
          basic_ecumenical_altar

Action                     || total
---------------------------++-------
   Fire: Shortbow          ||     5
 Armour: Leather armour    ||     2
  Dodge: Dodged            ||     2

Table legend: (Time is in decaauts)
 A = Elapsed time spent in this place.
 B = Non-inter-level travel time spent in this place.
 C = Inter-level travel time spent in this place.
 D = Time resting spent in this place.
 E = Time spent auto-exploring this place.
 F = Levels seen in this place.
 G = Mean time per level.
                   A        B        C        D        E       F      G
               +--------+--------+--------+--------+--------+-----+--------+
         Total |     85 |     85 |      0 |      0 |     75 |   1 |   85.0 |
       Dungeon |     85 |     85 |      0 |      0 |     75 |   1 |   85.0 |
               +--------+--------+--------+--------+--------+-----+--------+

Top non-repeatable levels by time:
     D:1: 85 daAuts
